 Dungeon Sprint DCSS version 0.23.2-11-gf996548c65 (webtiles) character file.

Game seed: 15379712039618973895

84275 wilfster70 the Sniper (level 16, 0/148 HPs)
             Began as a Formicid Hunter on June 5, 2019.
             Was the Champion of Cheibriados.
             Slain by a golden dragon (11 damage)
             ... in the Dungeon (Sprint V: "Ziggurat Sprint").
             The game lasted 00:23:09 (2654 turns).

wilfster70 the Sniper (Formicid Hunter)             Turns: 2654, Time: 00:23:09

Health: 0/148      AC: 31    Str: 34    XL:     16   Next: 27%
Magic:  21/30      EV: 16    Int: 35    God:    Cheibriados [******]
Gold:   0          SH: 29    Dex: 23    Spells: 23/35 levels left

rFire    + + +     SeeInvis +   a - +9 heavy crossbow "Sniper" {velocity, Acc+∞ SInv}
rCold    + + .     Gourm    .   l - +3 large shield
rNeg     . . .     Faith    .   c - +5 gold dragon scales
rPois    +         Spirit   .   (helmet unavailable)
rElec    +         Reflect  +   (no cloak)
rCorr    .         Harm     .   B - +2 pair of gloves {archery}
MR       ++...                  (no boots)
Stlth    ..........             D - +3 amulet of reflection
HPRegen  0.34/turn              A - ring "Vuek" {rElec rF++ MR+ Str-2 Dex-3} (curse)
MPRegen  0.22/turn              z - ring "Fygguaps" {rPois rF+ rC+ Int+6}

@: very slow
A: permanent stasis, dig shafts and tunnels, four strong arms, antennae 3
a: Dig, Bend Time, Temporal Distortion, Slouch, Step From Time, Renounce
Religion


You were in the Dungeon.
You worshipped Cheibriados.
Cheibriados was exalted by your worship.
You were not hungry.

You visited 1 branch

Inventory:

Hand Weapons
 a - the +9 heavy crossbow "Sniper" (weapon) {velocity, Acc+∞ SInv}
   (You found it in the Dungeon)

   Any bolt fired from it inflicts extra damage.
   It lets you see invisible.
 b - a +4 long sword
Missiles
 d - 34 bolts (quivered)
Armour
 c - +5 gold dragon scales (worn)
 l - a +3 large shield (worn)
 B - a +2 pair of gloves of archery (worn)
Jewellery
 z - the ring "Fygguaps" (right hand) {rPois rF+ rC+ Int+6}
   (You found it in the Dungeon)

   [ring of poison resistance]

   It affects your intelligence (+6).
   It protects you from fire.
   It protects you from cold.
   It protects you from poison.
 A - the cursed ring "Vuek" (left hand) {rElec rF++ MR+ Str-2 Dex-3}
   (You took it off an iron imp in the Dungeon)

   [ring of dexterity]

   It affects your strength (-2).
   It affects your dexterity (-3).
   It greatly protects you from fire.
   It insulates you from electricity.
   It affects your resistance to hostile enchantments.
   It has a curse placed upon it.
 D - a +3 amulet of reflection (around neck)
 F - the ring "Siful" {+Fly rC+ Int+3}
   (You found it in the Dungeon)

   [ring of protection from cold]

   It affects your intelligence (+3).
   It protects you from cold.
   It lets you fly.
Wands
 v - a wand of disintegration (7)
 w - a wand of iceblast (7)
 x - a wand of acid (7)
Scrolls
 m - 2 scrolls of brand weapon
 p - 4 scrolls of amnesia
 q - 8 scrolls of fog
 r - a scroll of holy word
 s - 5 scrolls of identify
 t - 5 scrolls of remove curse
 u - 2 scrolls of fear
Potions
 e - 8 potions of curing
 g - 3 potions of heal wounds
 h - 2 potions of brilliance
 i - 6 potions of magic
 j - 2 potions of invisibility
 k - 4 potions of resistance
 n - 6 potions of agility
 o - 5 potions of might
Miscellaneous
 E - 8 boxes of beasts
 G - a lamp of fire
 I - 2 sacks of spiders
 M - 3 phantom mirrors
Comestibles
 f - 6 rations


   Skills:
 + Level 20.1 Fighting
 * Level 24.9 Crossbows
 - Level 19.0 Armour
 - Level 12.1 Dodging
 - Level 1.2 Stealth
 - Level 15.1 Shields
 - Level 10.2 Spellcasting
 - Level 8.0 Charms
 - Level 8.0 Necromancy
 + Level 15.9 Earth Magic
 - Level 11.6 Invocations


You had 23 spell levels left.
You knew the following spells:

 Your Spells              Type           Power        Failure   Level  Hunger
a - Shatter               Erth           #######...   100%        9    #######
g - Regeneration          Chrm/Necr      ######....   2%          3    None

Your spell library contained the following spells:

 Spells                   Type           Power        Failure   Level  Hunger
 Animate Skeleton         Necr           N/A          1%          1    None
 Infusion                 Chrm           ####         1%          1    None
 Pain                     Necr           ####         1%          1    None
 Corpse Rot               Necr           N/A          1%          2    None
 Song of Slaying          Chrm           ######..     1%          2    None
 Sublimation of Blood     Necr           ######....   1%          2    None
 Stone Arrow              Conj/Erth      ######       2%          3    None
 Shroud of Golubria       Chrm/Tloc      #####.....   6%          2    None
 Animate Dead             Necr           N/A          8%          4    None
 Leda's Liquefaction      Hex/Erth       ######....   8%          4    None
 Petrify                  Tmut/Erth      ######..     8%          4    None
 Ozocubu's Armour         Chrm/Ice       #####...     12%         3    None
 Apportation              Tloc           ###...       21%         1    None
 Beastly Appendage        Tmut           ###...       21%         1    None
 Confusing Touch          Hex            ###...       21%         1    None
 Corona                   Hex            ###....      21%         1    None
 Flame Tongue             Conj/Fire      ###..        21%         1    None
 Magic Dart               Conj           ###.         21%         1    None
 Shock                    Conj/Air       ###.         21%         1    None
 Sting                    Conj/Pois      ###.         21%         1    None
 Summon Small Mammal      Summ           ###.         21%         1    None
 Excruciating Wounds      Chrm/Necr      ######....   22%         5    ##.....
 Call Imp                 Summ           ###.....     30%         2    None
 Ensorcelled Hibernation  Hex/Ice        ###...       30%         2    None
 Slow                     Hex            ###.....     30%         2    None
 Sticks to Snakes         Tmut           ###.....     30%         2    None
 Call Canine Familiar     Summ           ###.....     52%         3    None
 Confuse                  Hex            ###.....     52%         3    None
 Dazzling Spray           Conj/Hex       ###...       52%         3    None
 Ignite Poison            Fire/Tmut/Pois ###.....     52%         3    None
 Inner Flame              Hex/Fire       ###.....     52%         3    None
 Mephitic Cloud           Conj/Pois/Air  ###.....     52%         3    None
 Portal Projectile        Hex/Tloc       ###...       52%         3    None
 Spider Form              Tmut/Pois      ###.......   52%         3    None
 Static Discharge         Conj/Air       ###.....     52%         3    None
 Summon Guardian Golem    Hex/Summ       ###.....     52%         3    None
 Teleport Other           Tloc           ###.....     52%         3    None
 Tukima's Dance           Hex            ###.....     52%         3    None
 Bolt of Magma            Conj/Fire/Erth ######....   54%         5    ##.....
 Bolt of Draining         Conj/Necr      #####.....   73%         5    ##.....
 Iron Shot                Conj/Erth      ######....   75%         6    ####...
 Statue Form              Tmut/Erth      ######...    75%         6    ####...
 Airstrike                Air            ###.......   90%         4    None
 Cause Fear               Hex            ###.......   90%         4    None
 Force Lance              Conj/Tloc      ###.....     90%         4    None
 Ice Form                 Ice/Tmut       ###.....     90%         4    None
 Olgreb's Toxic Radiance  Pois           ###.....     90%         4    None
 Summon Ice Beast         Ice/Summ       ###.....     90%         4    None
 Summon Lightning Spire   Summ/Air       ###.....     90%         4    None
 Alistair's Intoxication  Tmut/Pois      ###.....     99%         5    ##.....
 Blade Hands              Tmut           ###.......   99%         5    ##.....
 Irradiate                Conj/Tmut      ###.......   99%         5    ##.....
 Lightning Bolt           Conj/Air       ###.......   99%         5    ##.....
 Metabolic Englaciation   Hex/Ice        ###.......   99%         5    ##.....
 Silence                  Hex/Air        ###.......   99%         5    ##.....
 Summon Forest            Summ/Tloc      ###.......   99%         5    ##.....
 Venom Bolt               Conj/Pois      ###.......   99%         5    ##.....
 Deflect Missiles         Chrm/Air       #####.....   99%         6    ####...
 Bolt of Cold             Conj/Ice       ###.......   100%        6    ####...
 Bolt of Fire             Conj/Fire      ###.......   100%        6    ####...
 Conjure Ball Lightning   Conj/Air       ###.......   100%        6    ####...
 Freezing Cloud           Conj/Ice/Air   ###.......   100%        6    ####...
 Hydra Form               Tmut           ###.......   100%        6    ####...
 Dragon Form              Tmut           ###.......   100%        7    ######.
 Haunt                    Necr/Summ      #####.....   100%        7    ######.
 Malign Gateway           Summ/Tloc      ###.......   100%        7    ######.
 Monstrous Menagerie      Summ           ###.......   100%        7    ######.
 Ring of Flames           Chrm/Fire      #####.....   100%        7    ######.
 Spellforged Servitor     Conj/Summ      ###.......   100%        7    ######.
 Summon Greater Demon     Summ           ###.......   100%        7    ######.
 Summon Hydra             Summ           ###.......   100%        7    ######.
 Borgnjor's Revivificati  Necr           ######....   100%        8    #######
 Death's Door             Chrm/Necr      ######....   100%        8    #######
 Ignition                 Fire           ###.......   100%        8    #######
 Infestation              Necr           ######....   100%        8    #######
 Necromutation            Tmut/Necr      #####.....   100%        8    #######
 Summon Horrible Things   Summ           ###.......   100%        8    #######
 Dragon's Call            Summ           ###.......   100%        9    #######
 Tornado                  Air            ###.......   100%        9    #######


Dungeon Overview and Level Annotations

Branches:
Dungeon (1/1)

Altars:
Ashenzari
Cheibriados
Dithmenos
Elyvilon
Fedhas
Gozag
Hepliaklqana
Kikubaaqudgha
Makhleb
Nemelex Xobeh
Okawaru
Qazlal
Ru
Sif Muna
Trog
Uskayaw
Vehumet
Wu Jian
Xom
Yredelemnul
Zin
The Shining One
Beogh
Jiyva
Lugonu


Innate Abilities, Weirdness & Mutations

You cannot be hasted, slowed, berserked, paralysed or teleported.
You can dig through walls and to a lower floor.
Your four strong arms can wield two-handed weapons with a shield.
You have a pair of large antennae on your head. (SInv)


Message History

The red draconian hits you from afar with a +0 glaive!
* * * LOW HITPOINT WARNING * * *
Okay, then.
Unknown command.
You feel much better.
The green draconian is no longer berserk.
The green draconian barely misses you.
The green draconian tail-slaps you but does no damage.
The golden dragon closely misses you.
You block the golden dragon's attack. x2
The red draconian hits you but does no damage.
You block the white draconian's attack.
You can feel time thicken for a moment.
You feel somewhat more hungry.
You block the golden dragon's attack. x2; The golden dragon misses you.
The green draconian hits you but does no damage.
You block the green draconian's attack. The white draconian barely misses you.
The red draconian closely misses you. Magic courses through your body.
The golden dragon bites you!!
* * * LOW HITPOINT WARNING * * *
You block the golden dragon's attack. The golden dragon tramples you!
You die...

...............▓...).).).)...
......[........▓.....))).....
...............▓..▓..)....▓..
......)........▓.▓▓▓.†...▓▓▓.
......)))......▓..▓.......▓..
.....[.()d.....▓.............
▓....)d.▓ ..▓......©.(.... .
▓▓...†.▓▓▓..▓▓▓▓▓▓▓▓▓▓▓▓▓▓
...▓.....{.▓@..▓.....8©8.....
.........dddDd.▓...[)..[).||.
.......©.......▓..".)."[).[..
▓▓▓▓▓▓▓▓▓▓▓▓▓▓▓▓.............
{ { {{ {{▓............. {


{{{{{{{{{ ▓............. { { ▓............. { { ▓......)...... ▓.............
You could see a golden dragon, a black draconian, a green draconian, a red
draconian and a white draconian.

Vanquished Creatures
  A bone dragon (D)
  A lich (D)
  8 Orb Guardians (D)
  A quicksilver dragon (D)
  A shadow dragon (D)
  A storm dragon (D)
  A nagaraja (D)
  A ghoul (D)
  A reaper (D)
  A black draconian (D)
  A green draconian (D)
  An apis (D)
  2 yellow draconians (D)
  A red draconian (D)
  A dire elephant (D)
  A white draconian (D)
  2 blizzard demons (D)
  16 vault guards (D)
  2 naga warriors (D)
  3 hydras (D)
  A catoblepas (D)
  2 spriggan air magi (D)
  2 anacondas (D)
  3 two-headed ogres (D)
  3 spriggan berserkers (D)
  A deep elf knight (D)
  A thrashing horror (D)
  2 wretched stars (D)
  A shadow wraith (D)
  A skeletal warrior (D)
  A spriggan druid (D)
  A deep elf archer (D)
  2 ugly things (D)
  5 necromancers (D)
  A faun (D)
  2 deep elf magi (D)
  A worldbinder (D)
  A guardian serpent (D)
  A moth of wrath (D)
  4 black mambas (D)
  A rust devil (D)
  A naga mage (D)
  A vault sentinel (D)
  A spiny frog (D)
  A rime drake (D)
  4 yaktaurs (D)
  3 tormentors (D)
  3 freezing wraiths (D)
  A dryad (D)
  2 komodo dragons (D)
  4 trolls (D)
  2 blink frogs (D)
  2 wind drakes (D)
  A redback (D)
  7 shadows (D)
  A yak (D)
  A wraith (D)
  A golden eye (D)
  2 basilisks (D)
  A naga (D)
  A hell hound (D)
  4 water moccasins (D)
  A porcupine (D)
  An ice beast (D)
  3 swamp drakes (D)
  A black bear (D)
  4 necrophages (D)
  2 ogres (D)
  5 phantoms (D)
  A wolf (D)
  A centaur (D)
  4 crocodiles (D)
  3 bullfrogs (D)
  A bullfrog (shapeshifter) (D)
  10 wights (D)
  3 quasits (D)
  2 iron imps (D)
  2 mummies (D)
  A shadow imp (D)
  3 white imps (D)
  2 ufetubi (D)
  An adder zombie (D)
  3 adder skeletons (D)
  6 bat skeletons (D)
  4 bat zombies (D)
  A ball python skeleton (D)
  2 giant cockroach zombies (D)
  A leopard gecko skeleton (D)
  A leopard gecko zombie (D)
  2 quokka skeletons (D)
  2 butterflies (D)
201 creatures vanquished.

Vanquished Creatures (others)
  2 stone giants (D)
  A yellow draconian (D)
  A white draconian (D)
  A spatial maelstrom (D)
  2 yaktaurs (D)
  A white imp (D)
8 creatures vanquished.

Grand Total: 209 creatures vanquished

Notes
Turn   | Place    | Note
-------+----------+-------------------------------------------
     0 | D        | Found the +6 Majin-Bo {vamp, Archmagi MP+6 Int+6}
     0 | D        | Found the +7 great mace "Firestarter" {inner flame, rF++}
     0 | D        | wilfster70 the Formicid Hunter began the quest for the Orb.
     0 | D        | Reached XP level 1. HP: 16/16 MP: 1/1
     0 | D        | Found a deep blue altar of Sif Muna.
     0 | D        | Found a bloodstained altar of Trog.
     0 | D        | Found a sacrificial altar of Ru.
     0 | D        | Found a stormy altar of Qazlal.
     0 | D        | Found an iron altar of Okawaru.
     1 | D        | Found a blossoming altar of Fedhas.
     7 | D        | Banished a spatial maelstrom
    13 | D        | Found a hazy altar of Hepliaklqana.
    13 | D        | Found a viscous altar of Jiyva.
    13 | D        | Found an opulent altar of Gozag.
    13 | D        | Found a transporter.
    13 | D        | Found an ancient bone altar of Kikubaaqudgha.
    17 | D        | Became a worshipper of Cheibriados the Contemplative
    26 | D        | Found a sparkling altar of Nemelex Xobeh.
    28 | D        | Found a corrupted altar of Lugonu.
    28 | D        | Found a burning altar of Makhleb.
    45 | D        | Found the +9 heavy crossbow "Sniper" {velocity, Acc+∞ SInv}
    45 | D        | Found the +10 dark maul {crush}
    45 | D        | Found the +15 Maxwell's patent armour {-Cast -Tele rElec
                  | MR+ rCorr}
    45 | D        | Found the +18 shield of the Gong {rElec rN+ MR+ EV-5}
    45 | D        | Found the cursed +14 obsidian axe {chop, +Fly SInv *Curse}
    85 | D        | Reached skill level 5 in Crossbows
    85 | D        | Reached XP level 2. HP: 25/25 MP: 1/4
   122 | D        | Entered arena 2.
   122 | D        | Noticed a bullfrog
   122 | D        | Noticed a purple ugly thing
   122 | D        | Found a transporter.
   126 | D        | Killed a purple ugly thing
   126 | D        | Reached skill level 9 in Crossbows
   126 | D        | Reached XP level 3. HP: 14/35 MP: 5/8
   126 | D        | Reached XP level 4. HP: 16/41 MP: 5/9
   126 | D        | Reached XP level 5. HP: 18/47 MP: 5/10
   126 | D        | Reached XP level 6. HP: 21/53 MP: 5/11
   126 | D        | Reached XP level 7. HP: 23/59 MP: 5/12
   128 | D        | Reached * piety under Cheibriados
   302 | D        | Entered arena 3.
   302 | D        | Noticed a yaktaur
   302 | D        | Noticed a yaktaur
   302 | D        | Found a transporter.
   305 | D        | Killed a yaktaur
   305 | D        | Reached ** piety under Cheibriados
   305 | D        | Reached skill level 10 in Crossbows
   305 | D        | Reached XP level 8. HP: 58/68 MP: 12/14
   308 | D        | Killed a yaktaur
   308 | D        | Reached skill level 11 in Crossbows
   335 | D        | Entered arena 4.
   335 | D        | Noticed a deep elf mage
   335 | D        | Noticed a deep elf archer
   335 | D        | Noticed a deep elf mage
   335 | D        | Noticed a deep elf knight
   335 | D        | Found a transporter.
   336 | D        | Noticed a jumping spider
   336 | D        | Noticed a jumping spider
   338 | D        | Noticed a tarantella
   338 | D        | Noticed a demonic crawler
   339 | D        | Noticed a demonic crawler
   340 | D        | Noticed an orange demon
   340 | D        | Killed a deep elf knight
   340 | D        | Reached *** piety under Cheibriados
   340 | D        | Reached skill level 12 in Crossbows
   340 | D        | Reached skill level 10 in Shields
   340 | D        | Reached XP level 9. HP: 58/76 MP: 15/15
   341 | D        | Killed a deep elf mage
   345 | D        | Killed a deep elf mage
   345 | D        | Reached **** piety under Cheibriados
   345 | D        | Reached skill level 10 in Fighting
   345 | D        | Reached skill level 13 in Crossbows
   347 | D        | Killed a deep elf archer
   347 | D        | Reached skill level 10 in Armour
   347 | D        | Reached XP level 10. HP: 60/86 MP: 16/16
   447 | D        | Entered arena 5.
   447 | D        | Noticed a rime drake
   447 | D        | Found a transporter.
   449 | D        | Killed a rime drake
   452 | D        | Reached ***** piety under Cheibriados
   452 | D        | Reached skill level 14 in Crossbows
   464 | D        | Got the Guide on Sinister Shape Shifting
   472 | D        | Entered arena 6.
   472 | D        | Found a transporter.
   477 | D        | Reached ****** piety under Cheibriados
   494 | D        | Entered arena 7.
   503 | D        | Found a transporter.
   522 | D        | Entered arena 8.
   531 | D        | Found a transporter.
   545 | D        | Got Furreaj's Foundations of Witchcraft
   551 | D        | Entered arena 9.
   561 | D        | Found a transporter.
   579 | D        | Got the ring "Siful" {+Fly rC+ Int+3}
   592 | D        | Entered arena 10.
   592 | D        | Noticed a shadow wraith
   592 | D        | Noticed a vault guard
   592 | D        | Noticed a vault guard
   592 | D        | Noticed a vault guard
   592 | D        | Noticed a purple ugly thing
   592 | D        | Noticed a yaktaur
   592 | D        | Noticed a vault sentinel
   592 | D        | Noticed a yaktaur
   595 | D        | Killed a shadow wraith
   596 | D        | Killed a purple ugly thing
   599 | D        | Killed a vault sentinel
   599 | D        | Reached skill level 15 in Crossbows
   599 | D        | Reached XP level 11. HP: 86/95 MP: 17/17
   601 | D        | Killed a vault guard
   603 | D        | Killed a vault guard
   606 | D        | Killed a vault guard
   615 | D        | Found a transporter.
   791 | D        | Entered arena 11.
   791 | D        | Noticed a two-headed ogre
   791 | D        | Noticed a two-headed ogre
   791 | D        | Noticed a two-headed ogre
   793 | D        | Killed a two-headed ogre
   793 | D        | Reached skill level 16 in Crossbows
   793 | D        | Reached skill level 15 in Shields
   799 | D        | Killed a two-headed ogre
   802 | D        | Killed a two-headed ogre
   802 | D        | Reached XP level 12. HP: 65/105 MP: 8/18
   807 | D        | Found a transporter.
   821 | D        | Got the Incunabulum of the Hurtful Arsonist
   825 | D        | Got the Incunabulum of the Glacier and Necromancy
   831 | D        | Got Jerhoak's Papyrus of Intoxication
   934 | D        | Entered arena 12.
   934 | D        | Noticed a reaper
   938 | D        | Reached skill level 17 in Crossbows
   945 | D        | Killed a reaper
   945 | D        | Reached skill level 5 in Dodging
   945 | D        | Reached skill level 10 in Invocations
   948 | D        | Found a transporter.
  1230 | D        | Entered arena 13.
  1230 | D        | Noticed a naga warrior
  1230 | D        | Noticed an anaconda
  1230 | D        | Noticed an anaconda
  1230 | D        | Noticed a naga warrior
  1232 | D        | Noticed a nagaraja
  1232 | D        | Killed an anaconda
  1232 | D        | Killed an anaconda
  1240 | D        | Killed a nagaraja
  1240 | D        | Reached skill level 18 in Crossbows
  1246 | D        | Killed a naga warrior
  1249 | D        | HP: 5/108 [naga warrior/+0 hand axe (6)]
  1256 | D        | Killed a naga warrior
  1270 | D        | Found a transporter.
  1585 | D        | Got the Almanac of Enchantment and Enhancements
  1592 | D        | Learned a level 3 spell: Regeneration
  1595 | D        | Entered arena 14.
  1595 | D        | Identified the cursed ring "Vuek" {rElec rF++ MR+ Str-2
                  | Dex-3}
  1595 | D        | Noticed a thrashing horror
  1596 | D        | Noticed a bone dragon
  1598 | D        | Killed a thrashing horror
  1598 | D        | Reached skill level 1 in Spellcasting
  1598 | D        | Reached skill level 1 in Charms
  1598 | D        | Reached skill level 1 in Necromancy
  1598 | D        | Reached XP level 13. HP: 114/114 MP: 21/21
  1604 | D        | Killed a bone dragon
  1604 | D        | Reached skill level 15 in Armour
  1609 | D        | Reached skill level 15 in Fighting
  1631 | D        | Found a transporter.
  1645 | D        | Reached skill level 19 in Crossbows
  1723 | D        | Entered arena 15.
  1729 | D        | Found the +8 demon blade "Leech" {vamp, rN+ AC-3 EV-3}
  1729 | D        | Noticed a six-headed hydra
  1732 | D        | Killed a six-headed hydra
  1734 | D        | Found a transporter.
  1843 | D        | Got the Guide on Unstable Arcane Weapons
  1845 | D        | Got Wedeorph's Papyrus of Glacial Flight
  1866 | D        | Entered arena 16.
  1867 | D        | Noticed a catoblepas
  1867 | D        | Noticed a four-headed hydra
  1867 | D        | Noticed a five-headed hydra
  1870 | D        | Reached skill level 5 in Spellcasting
  1871 | D        | Killed a catoblepas
  1871 | D        | Reached skill level 5 in Charms
  1871 | D        | Reached skill level 5 in Necromancy
  1872 | D        | Killed a five-headed hydra
  1873 | D        | Killed a four-headed hydra
  1884 | D        | Found a transporter.
  1898 | D        | Got the ring of Birdsong {Dex+7 SInv Stlth-}
  1906 | D        | Entered arena 17.
  1911 | D        | Noticed a spriggan air mage
  1911 | D        | Noticed a spriggan air mage
  1911 | D        | Noticed a dire elephant
  1912 | D        | Noticed an apis
  1913 | D        | Killed a spriggan air mage
  1913 | D        | Reached XP level 14. HP: 101/124 MP: 13/23
  1920 | D        | Reached skill level 20 in Crossbows
  1920 | D        | Killed an apis
  1923 | D        | Killed a dire elephant
  1933 | D        | Found a transporter.
  1959 | D        | Got the Reference Book on Excruciating Flight
  2169 | D        | Entered arena 18.
  2172 | D        | Noticed a stone giant
  2172 | D        | Noticed a shadow dragon
  2173 | D        | Noticed a stone giant
  2175 | D        | Identified the amulet "Ifoteaqi" {Harm *Drain rPois rF+}
  2176 | D        | Reached skill level 10 in Dodging
  2176 | D        | Killed a stone giant
  2176 | D        | Reached skill level 21 in Crossbows
  2177 | D        | Killed a stone giant
  2180 | D        | Killed a shadow dragon
  2186 | D        | Found a transporter.
  2292 | D        | Entered arena 19.
  2300 | D        | Reached XP level 15. HP: 34/134 MP: 11/28
  2303 | D        | Found the cursed necklace of Bloodlust {*Rage +Rage MR++
                  | Int-3 Slay+6 *Curse}
  2303 | D        | Found a transporter.
  2310 | D        | Got the Compendium of Attacks and Boosts
  2335 | D        | Got the Tome of Confrontation and Lightness
  2554 | D        | Learned a level 9 spell: Shatter
  2554 | D        | Entered arena 20.
  2559 | D        | Noticed a lich
  2559 | D        | Noticed a ghoul
  2561 | D        | Reached skill level 1 in Earth Magic
  2561 | D        | Killed a lich
  2561 | D        | Reached skill level 10 in Spellcasting
  2561 | D        | Reached skill level 5 in Earth Magic
  2562 | D        | Reached skill level 22 in Crossbows
  2575 | D        | Killed a ghoul
  2578 | D        | Found a transporter.
  2591 | D        | Got the ring of Xom's Capriciousness {+Fly Dex+3}
  2600 | D        | Got the ring "Fygguaps" {rPois rF+ rC+ Int+6}
  2618 | D        | Got the ring "Devept" {*Corrode rC++ Int+2 Dex+3 Stlth+}
  2628 | D        | Entered arena 21.
  2632 | D        | Noticed an Orb Guardian
  2632 | D        | Noticed an Orb Guardian
  2632 | D        | Noticed an Orb Guardian
  2632 | D        | Noticed an Orb Guardian
  2633 | D        | Noticed an Orb Guardian
  2633 | D        | Noticed a storm dragon
  2633 | D        | Noticed a quicksilver dragon
  2634 | D        | Noticed an Orb Guardian
  2635 | D        | Killed an Orb Guardian
  2635 | D        | Killed an Orb Guardian
  2635 | D        | Reached skill level 10 in Earth Magic
  2635 | D        | Killed an Orb Guardian
  2635 | D        | Killed an Orb Guardian
  2635 | D        | Reached skill level 23 in Crossbows
  2635 | D        | Noticed an Orb Guardian
  2636 | D        | Noticed a golden dragon
  2636 | D        | Killed an Orb Guardian
  2636 | D        | Killed a quicksilver dragon
  2636 | D        | Noticed an Orb Guardian
  2639 | D        | Killed an Orb Guardian
  2641 | D        | Reached skill level 24 in Crossbows
  2643 | D        | Reached XP level 16. HP: 72/147 MP: 6/30
  2643 | D        | Killed an Orb Guardian
  2643 | D        | Reached skill level 15 in Earth Magic
  2643 | D        | Killed a storm dragon
  2650 | D        | Killed an Orb Guardian
  2651 | D        | HP: 7/148 [red draconian/+0 glaive (16)]
  2654 | D        | Slain by a golden dragon

Skill      XL: |  1  2  3  4  5  6  7  8  9 10 11 12 13 14 15 16 |
---------------+-------------------------------------------------+-----
Fighting       | 3 6 7 9 10 11 13 14 15 17 19 20 | 20.1
Crossbows      | 5 9 10 12 13 15 16 18 19 21 24 | 24.9
Armour         | 2 6 7 8 10 11 13 14 16 18 19 | 19.0
Shields        | 3 7 8 10 11 13 15 | 15.1
Invocations    | 3 7 8 9 11 | 11.6
Dodging        | 3 7 9 11 12 | 12.1
Spellcasting   | 1 6 9 10 | 10.2
Charms         | 1 6 8 |  8.0
Necromancy     | 1 6 8 |  8.0
Earth Magic    | 14 15 | 15.9
Stealth        | |  1.2

Action                   |  1- 3 |  4- 6 |  7- 9 | 10-12 | 13-15 | 16-18 || total
-------------------------+-------+-------+-------+-------+-------+-------++-------
Melee: Short sword       |       |       |       |       |     9 |       ||     9
 Fire: Heavy crossbow    |     4 |       |    20 |    90 |    49 |     1 ||   164
 Cast: Regeneration      |       |       |       |       |     1 |       ||     1
Invok: Slouch            |       |       |       |     8 |    30 |     2 ||    40
  Use: Potion            |     1 |       |       |     4 |     2 |     4 ||    11
  Eat: Chunk             |       |       |       |       |     4 |       ||     4
       Ration            |       |       |       |       |     1 |       ||     1
Armor: Gold dragon scale |     5 |       |    29 |    48 |    28 |    14 ||   124
Dodge: Dodged            |       |       |     4 |    46 |    33 |    20 ||   103
Block: Large shield      |     5 |       |    38 |   174 |    89 |    39 ||   345
       Reflection        |       |       |       |       |     7 |       ||     7
